 Dungeon Crawl Stone Soup version 0.30-a0-118-ga018f8e90f (webtiles) character file.

Game seed: 14675631419981407994

343 Newt the Trooper (level 6, -3/48 HPs)
             Began as a Demonspawn Gladiator on Sept 13, 2022.
             Frozen to death by an endoplasm (4 damage)
             ... on level 6 of the Dungeon.
             The game lasted 00:05:34 (4183 turns).

Newt the Trooper (Demonspawn Gladiator)             Turns: 4183, Time: 00:05:34

Health: -3/48      AC: 17    Str: 18    XL:     6   Next: 31%
Magic:  6/6        EV:  6    Int: 10    God:
Gold:   197        SH:  0    Dex: 16    Spells: 5/5 levels left

rFire   + . .      SeeInvis .    s - +0 dagger (flame)
rCold   . . .      Faith    .    (no shield)
rNeg    . . .      Spirit   .    o - +2 plate armour of Inaction {Harm *Slow +Inv Str+4}
rPois   .          Reflect  .    c - +0 helmet
rElec   .          Harm     +    j - scarf {shadows}
rCorr   .          Rampage  .    (no gloves)
Will    .....                    l - +0 pair of boots
Stlth   ..........               (no amulet)
HPRegen 0.16/turn                i - ring of protection from fire
MPRegen 0.10/turn                (no ring)

@: no status effects
A: yellow scales 1, ignite blood 1
a: Evoke Invisibility


You were on level 6 of the Dungeon.
You visited 1 branch of the dungeon, and saw 6 of its levels.

You collected 197 gold pieces.

Inventory:

Hand Weapons
 a - a +0 rapier
 s - a +0 dagger of flaming (weapon)
Missiles
 d - 3 throwing nets (quivered)
 e - a javelin
 n - 3 atropa-tipped darts
Armour
 b - a +0 leather armour
 c - a +0 helmet (worn)
 j - a scarf of shadows (worn)
 l - a +0 pair of boots (worn)
 o - the +2 plate armour of Inaction (worn) {Harm *Slow +Inv Str+4}
   (You acquired it on level 3 of the Dungeon)

   Str:       It affects your strength (+4).
   +Inv:      It lets you turn invisible.
   *Slow:     It may slow you when you take damage.
   Harm:      It increases damage dealt and taken.
Jewellery
 i - a ring of protection from fire (left hand)
 r - a +4 ring of protection
 v - a +4 ring of protection
Scrolls
 g - 4 scrolls of teleportation
 m - a scroll of amnesia
 t - a scroll of fear {unknown}
 u - a scroll of vulnerability {unknown}
Potions
 f - 4 potions of curing
 h - a potion of might
 k - a potion of magic
 p - a potion of invisibility
 q - a potion of ambrosia {unknown}


   Skills:
 - Level 4.0 Fighting
 - Level 4.0 Short Blades
 - Level 1.7 Throwing
 + Level 3.1 Armour
 - Level 2.6 Dodging
 - Level 2.0 Stealth


You had 5 spell levels left.
You didn't know any spells.
Your spell library contained the following spells:

 Spells                   Type           Power      Damage    Failure   Level
 Magic Dart               Conj           0%         1d3       100%        1
 Call Imp                 Summ           0%         N/A       100%        2
 Scorch                   Fire           0%         2d5       100%        2
 Sublimation of Blood     Necr           0%         N/A       100%        2
 Wereblood                Tmut           0%         N/A       100%        2
 Mephitic Cloud           Conj/Pois/Air  0%         N/A       100%        3
 Flame Wave               Conj/Fire      0%         2d4       100%        4
 Summon Cactus Giant      Summ           0%         N/A       100%        6
 Summon Hydra             Summ           0%         N/A       100%        7


Dungeon Overview and Level Annotations

Branches:
Dungeon (6/15)
 Temple: D:4-7

Altars:

Shops:
D:4 :


Innate Abilities, Weirdness & Mutations

You are partially covered in yellow scales. (AC +2)
Your demonic aura sometimes causes spilled blood to erupt in flames.


Message History

The endoplasm hits you but does no damage.
The endoplasm hits you but does no damage.
The orc attacks as you move away! The orc barely misses you.
The endoplasm attacks as you move away!
The endoplasm hits you but does no damage.
There is a stone staircase leading down here.
The endoplasm hits you.
* * * LOW HITPOINT WARNING * * *
You climb downwards.
Found 3 stones.
Found a stone staircase leading down.
There is a stone staircase leading up here.
Unknown command.
Unknown command.
You hit the orc. You burn the orc.
The orc is moderately wounded.
The orc hits you with a +0 whip.
* * * LOW HITPOINT WARNING * * *
The orc hits you but does no damage.
The endoplasm hits you but does no damage.
Unknown command.
You barely miss the orc.
The orc is moderately wounded.
The orc closely misses you. x2; The endoplasm barely misses you.
Unknown command.
You hit the orc. You burn the orc.
The orc is severely wounded.
The orc hits you but does no damage. x2; The endoplasm barely misses you.
Unknown command.
You hit the orc. You burn the orc.
You kill the orc!
The orc hits you with a +0 flail.
* * * LOW HITPOINT WARNING * * *
Unknown command.
You hit the orc but do no damage. The endoplasm closely misses you.
Unknown command.
You closely miss the orc. The orc hits you with a +0 flail.
* * * LOW HITPOINT WARNING * * *
The endoplasm freezes you.
You are frozen.
You die...

#####.......
#...........
#...........
#...........
#...........
#(..J.......
#....@......
#....)o....#
#####..#####
...# .>.#
....# .....


You could see an orc and an endoplasm.

Vanquished Creatures
  A scorpion (D:3)
  A jelly (D:4)
  2 orc wizards (D:3)
  Robin (D:3)
  9 adders
  2 worms
  A dart slug (D:2)
  4 orcs
  11 ball pythons
  6 bats
  5 endoplasms
  7 giant cockroaches
  8 hobgoblins
  2 jackals (D:4)
  9 kobolds
  7 quokkas
  7 frilled lizards
  15 goblins
  5 rats
103 creatures vanquished.

Notes
Turn   | Place    | Note
-------+----------+-------------------------------------------
     0 | D:1      | Newt the Demonspawn Gladiator began the quest for the Orb.
     0 | D:1      | Reached XP level 1. HP: 16/16 MP: 1/1
    80 | D:1      | Reached skill level 1 in Stealth
   249 | D:1      | Gained mutation: You are partially covered in yellow
                  | scales. (AC +2) [demonic ancestry]
   249 | D:1      | Reached XP level 2. HP: 22/22 MP: 2/2
   804 | D:2      | Found a faded altar of an unknown god.
   814 | D:2      | Reached XP level 3. HP: 15/29 MP: 3/3
  1550 | D:2      | Reached XP level 4. HP: 37/37 MP: 4/4
  2141 | D:3      | Noticed Robin
  2174 | D:3      | Killed Robin
  2208 | D:3      | Reached XP level 5. HP: 10/42 MP: 5/5
  2798 | D:3      | Identified a scroll of acquirement
  2798 | D:3      | Acquired the +2 plate armour of Inaction {Harm *Slow +Inv
                  | Str+4}
  2867 | D:3      | Reached skill level 1 in Armour
  3024 | D:3      | Gained mutation: Your demonic aura sometimes causes spilled
                  | blood to erupt in flames. [demonic ancestry]
  3024 | D:3      | Reached XP level 6. HP: 43/48 MP: 6/6
  3596 | D:4      | Found Heraxoni's Book Emporium.
  4054 | D:5      | Entered Level 5 of the Dungeon
  4183 | D:6      | HP: 1/48 [orc/+0 flail (3)]
  4183 | D:6      | Frozen to death by an endoplasm

Illustrated notes

Levels and vault maps discovered:
D:1:      wander_arrival_desolate, layout_loops_cross
D:2:      minmay_alternating_diamond, layout_loops_cross,
          ebering_ecumenical_altar_sacrificial, basic_altar,
          minmay_misc_feat_square
D:3:      layout_rooms, kennysheep_generic_room_9, uniq_robin
D:4:      layout_loops_ring, serial_shops, nicolae_diamond_shop
D:5:      layout_cave_pools, gammafunk_temple_overflow_forgotten,
          uniq_blork_the_orc
D:6:      layout_rooms, uniq_crazy_yiuf_cottage

Skill      XL: |  1  2  3  4  5  6 |
---------------+-------------------+-----
Stealth        | 1 2 |  2.0
Fighting       | 3 4 |  4.0
Short Blades   | 3 4 |  4.0
Armour         | 2 3 |  3.1
Throwing       | |  1.7
Dodging        | |  2.6

Action                   |  1- 3 |  4- 6 || total
-------------------------+-------+-------++-------
Melee: Rapier            |   138 |   137 ||   275
       Punch             |     1 |     2 ||     3
       Dagger            |       |   186 ||   186
Throw: Javelin           |       |     1 ||     1
  Use: Scroll            |     2 |     3 ||     5
       Potion            |       |     2 ||     2
 Stab: Sleeping          |     6 |     2 ||     8
       Distracted        |       |     1 ||     1
Armor: Leather armour    |    54 |    66 ||   120
       Plate armour      |       |   144 ||   144
Dodge: Dodged            |    91 |   155 ||   246

Table legend: (Time is in decaauts)
 A = Elapsed time spent in this place.
 B = Non-inter-level travel time spent in this place.
 C = Inter-level travel time spent in this place.
 D = Time resting spent in this place.
 E = Time spent auto-exploring this place.
 F = Levels seen in this place.
 G = Mean time per level.
                   A        B        C        D        E       F      G
               +--------+--------+--------+--------+--------+-----+--------+
         Total |   4158 |   4029 |    129 |    465 |   2684 |   6 |  693.0 |
       Dungeon |   4158 |   4029 |    129 |    465 |   2684 |   6 |  693.0 |
               +--------+--------+--------+--------+--------+-----+--------+

Top non-repeatable levels by time:
     D:2: 1210 daAuts
     D:3: 1085 daAuts
     D:4: 938 daAuts
     D:1: 800 daAuts
     D:5: 119 daAuts
     D:6: 4 daAuts
